 Dungeon Crawl Stone Soup version 0.25.0-10-g039870ee82 (webtiles) character file.

Game seed: 18243366379249339675

3178 Lekan the Nimble (level 9, -12/63 HPs)
             Began as a Merfolk Transmuter on June 22, 2020.
             Was an Elder of Qazlal.
             Mangled by a two-headed ogre
             ... wielding a +0 great mace
              (20 damage)
             ... on level 8 of the Dungeon.
             The game lasted 01:00:54 (9719 turns).

Lekan the Nimble (Merfolk Transmuter)               Turns: 9719, Time: 01:00:55

Health: -12/63     AC:  8    Str: 10    XL:     9   Next: 95%
Magic:  12/15      EV: 21    Int: 23    God:    Qazlal [****..]
Gold:   474        SH: 10    Dex: 23    Spells: 1/16 levels left

rFire    . . .     SeeInvis .   E - +7 dagger of Agock {vamp, rC+ Int-5 Dex+9}
rCold    + . .     Gourm    .   (no shield)
rNeg     . . .     Faith    .   J - +1 robe of Summer {rPois Stlth+}
rPois    +         Spirit   .   A - +0 helmet
rElec    .         Reflect  +   k - +0 cloak
rCorr    .         Harm     .   (no gloves)
MR       .....                  p - +2 pair of boots
Stlth    ++........             L - amulet of reflection
HPRegen  0.20/turn              c - +6 ring of intelligence
MPRegen  0.14/turn              M - +6 ring of intelligence

@: starving, repel missiles
A: change form in water, swift swim, stealthy swim
a: Upheaval, Elemental Force, Renounce Religion


You were on level 8 of the Dungeon.
You worshipped Qazlal.
Qazlal was greatly pleased with you.
You were starving.

You visited 2 branches of the dungeon, and saw 9 of its levels.
You visited the Abyss 1 time.
You also visited: Sewer.

You collected 474 gold pieces.

Inventory:

Hand Weapons
 v - a +6 flail of freezing
 E - the +7 dagger of Agock (weapon) {vamp, rC+ Int-5 Dex+9}
   (You found it on level 4 of the Dungeon)

   It inflicts no extra harm, but heals its wielder when it wounds a living foe.
   It affects your intelligence (-5).
   It affects your dexterity (+9).
   It protects you from cold.
Missiles
 a - 22 arrows
 B - 6 curare-tipped darts (quivered)
 C - 26 poisoned darts
 K - 7 datura-tipped darts
Armour
 k - a +0 cloak (worn)
 p - a +2 pair of boots (worn)
 A - a +0 helmet (worn)
 F - a +2 leather armour of magic resistance
 J - the +1 robe of Summer (worn) {rPois Stlth+}
   (You found it on level 6 of the Dungeon)

   It protects you from poison.
   It makes you more stealthy.
Jewellery
 c - a +6 ring of intelligence (left hand)
 t - an uncursed ring of resist corrosion
 D - an uncursed amulet of magic regeneration
 L - an amulet of reflection (around neck)
 M - a +6 ring of intelligence (right hand)
Wands
 o - a wand of polymorph (3)
 z - a wand of flame (18)
 H - a wand of clouds (5)
Scrolls
 e - a scroll of amnesia {unknown}
 g - 8 scrolls of identify {unknown}
 i - 3 scrolls of enchant armour {unknown}
 j - 5 scrolls of remove curse
 l - 8 scrolls of teleportation {unknown}
 q - 2 scrolls of immolation {unknown}
 s - 4 scrolls of blinking {unknown}
 w - 2 scrolls of magic mapping {unknown}
 x - 4 scrolls of fear {unknown}
 y - 3 scrolls of enchant weapon {unknown}
Potions
 b - 3 potions of might {unknown}
 f - 4 potions of brilliance {unknown}
 h - a potion of invisibility {unknown}
 m - 5 potions of curing {unknown}
 n - 2 potions of heal wounds {unknown}
 r - a potion of lignification {unknown}
 u - 4 potions of flight {unknown}
 G - a potion of berserk rage {unknown}
 I - 3 potions of haste {unknown}
Comestibles
 d - 12 rations


   Skills:
 + Level 3.0 Fighting
 + Level 4.6 Short Blades
 + Level 2.0 Armour
 * Level 10.1 Dodging
 + Level 2.9 Stealth
 + Level 7.5 Unarmed Combat
 + Level 4.4 Spellcasting
 + Level 5.3 Transmutations
 * Level 2.6 Ice Magic
 + Level 2.7 Poison Magic
 + Level 1.0 Invocations


You had one spell level left.
You knew the following spells:

 Your Spells              Type           Power        Failure   Level  Hunger
a - Beastly Appendage     Tmut           ####..       1%          1    None
b - Sticks to Snakes      Tmut           ####....     1%          2    None
c - Spider Form           Tmut/Pois      ###.......   5%          3    ##.....
d - Ice Form              Ice/Tmut       ###.....     19%         4    ####...
e - Blade Hands           Tmut           ####......   30%         5    #####..

Your spell library contained the following spells:

 Spells                   Type           Power        Failure   Level  Hunger


Dungeon Overview and Level Annotations

Branches:
Dungeon (8/15)             Temple (1/1) D:6           Sewer (visited)
   Lair: D:8-11

Altars:
Ashenzari
Cheibriados
Dithmenos
Elyvilon
Fedhas
Gozag
Hepliaklqana
Kikubaaqudgha
Makhleb
Nemelex Xobeh
Okawaru
Qazlal
Ru
Sif Muna
Trog
Uskayaw
Vehumet
Wu Jian
Xom
Yredelemnul
Zin
The Shining One

Shops:
D:5 *


Message History

The two-headed ogre is severely wounded.
You hit the two-headed ogre.
You punch the two-headed ogre, but do no damage.
The two-headed ogre is severely wounded.
The two-headed ogre hits you with a +0 great mace.
The two-headed ogre closely misses you.
Your magical contamination has completely faded away.
You closely miss the two-headed ogre.
The two-headed ogre is severely wounded.
The crimson imp disappears for a moment.
The two-headed ogre barely misses you.
The two-headed ogre hits you with a +0 giant spiked club!!
* * * LOW HITPOINT WARNING * * *
You hit the two-headed ogre but do no damage.
The two-headed ogre is severely wounded.
You hit the two-headed ogre.
The two-headed ogre is severely wounded.
The two-headed ogre completely misses you.
The two-headed ogre hits you with a +0 giant spiked club!!
You die...

..#######
........#
#.# #.#
#.# #@#
#O# #S#
#5S ...
#... ....
#....


You could see a two-headed ogre, a crimson imp and 2 adders.

Vanquished Creatures
  A troll (D:6)
  Prince Ribbit (D:7)
  2 small abominations (Abyss:1)
  2 orc warriors
  Purgy (Sewer)
  A sky beast (D:6)
  3 ogres
  A phantom (D:5)
  3 bullfrogs
  Blork the orc (D:5)
  A scorpion (D:5)
  6 wights (D:7)
  4 howler monkeys
  3 crimson imps
  2 quasits (Abyss:1)
  3 jellies
  4 bullfrog zombies
  2 hounds
  A bullfrog skeleton (D:6)
  A centaur zombie (D:7)
  2 orc wizards
  2 iguanas (D:5)
  3 worker ants
  A killer bee zombie (D:6)
  A hound skeleton (D:7)
  A worker ant zombie (D:6)
  Robin (D:3)
  7 gnolls
  11 adders
  A shadow imp (D:5)
  2 adder zombies
  An adder skeleton (D:4)
  5 worms
  4 dart slugs
  6 leopard geckos
  16 orcs
  5 bats
  8 giant cockroaches
  24 goblins
  14 hobgoblins
  9 jackals
  7 kobolds
  3 quokkas
  2 ball pythons
  5 frilled lizards
  A jackal skeleton (D:6)
  10 rats
195 creatures vanquished.

Vanquished Creatures (collateral kills)
  A ball python (Sewer)
  A frilled lizard (Sewer)
2 creatures vanquished.

Grand Total: 197 creatures vanquished

Notes
Turn   | Place    | Note
-------+----------+-------------------------------------------
     0 | D:1      | Lekan the Merfolk Transmuter began the quest for the Orb.
     0 | D:1      | Reached XP level 1. HP: 15/15 MP: 3/3
   260 | D:1      | Reached XP level 2. HP: 21/21 MP: 3/5
   312 | D:1      | Reached skill level 3 in Dodging
   684 | D:1      | Reached XP level 3. HP: 9/26 MP: 4/6
  1258 | D:1      | Learned a level 2 spell: Sticks to Snakes
  1633 | D:2      | Learned a level 3 spell: Spider Form
  1792 | D:2      | Reached XP level 4. HP: 28/32 MP: 5/7
  2317 | D:2      | Reached skill level 1 in Short Blades
  2589 | D:2      | Found a faded altar of an unknown god.
  2601 | D:2      | Became a worshipper of Qazlal Stormbringer
  2601 | D:2      | Reached * piety under Qazlal
  2614 | D:2      | Reached skill level 1 in Stealth
  3011 | D:3      | Reached XP level 5. HP: 37/37 MP: 8/8
  3036 | D:3      | Reached skill level 4 in Dodging
  3297 | D:3      | Reached ** piety under Qazlal
  3343 | D:3      | Found a glowing drain.
  3426 | Sewer    | Entered a sewer
  3630 | Sewer    | Noticed Purgy
  3635 | Sewer    | Killed Purgy
  3635 | Sewer    | Reached skill level 5 in Dodging
  3635 | Sewer    | Reached XP level 6. HP: 41/43 MP: 6/10
  3912 | D:3      | Noticed Robin
  3928 | D:3      | Reached skill level 5 in Unarmed Combat
  3938 | D:3      | Cast into level 1 of the Abyss (Robin)
  4087 | Abyss:1  | Noticed a small abomination
  4097 | Abyss:1  | Killed a small abomination
  4097 | Abyss:1  | Reached skill level 6 in Dodging
  4097 | Abyss:1  | Reached XP level 7. HP: 32/49 MP: 2/11
  4104 | Abyss:1  | Noticed a small abomination
  4109 | Abyss:1  | Killed a small abomination
  4109 | Abyss:1  | Reached skill level 7 in Dodging
  4109 | Abyss:1  | Reached skill level 1 in Poison Magic
  4117 | D:3      | Escaped the Abyss
  4124 | D:3      | Killed Robin
  4658 | D:4      | Learned a level 4 spell: Ice Form
  5252 | D:4      | Reached *** piety under Qazlal
  5265 | D:4      | Reached XP level 8. HP: 50/55 MP: 9/12
  5546 | D:4      | Got a buzzing dagger
  5546 | D:4      | Identified the +7 dagger of Agock {vamp, rC+ Int-5 Dex+9}
                  | (You found it on level 4 of the Dungeon)
  5569 | D:5      | Entered Level 5 of the Dungeon
  5597 | D:5      | Found Ciyx Osch's General Store.
  5623 | D:5      | Noticed Blork the orc
  5631 | D:5      | Killed Blork the orc
  5647 | D:5      | Reached skill level 1 in Invocations
  5713 | D:5      | Reached skill level 8 in Dodging
  5979 | D:5      | Found a glowing golden altar of the Shining One.
  5990 | D:5      | Found a basalt altar of Yredelemnul.
  5993 | D:5      | Noticed a profane servitor
  6516 | D:6      | Reached skill level 1 in Armour
  6590 | D:6      | Reached skill level 5 in Transmutations
  6590 | D:6      | Reached XP level 9. HP: 28/62 MP: 14/14
  7251 | D:6      | Reached skill level 9 in Dodging
  7372 | D:6      | Reached skill level 1 in Ice Magic
  7430 | D:6      | Found a staircase to the Ecumenical Temple.
  7443 | D:6      | Noticed a troll
  7703 | D:6      | Killed a troll
  7890 | Temple   | Entered the Ecumenical Temple
  8127 | D:6      | Found a shadowy altar of Dithmenos.
  8127 | D:6      | Found a bloodstained altar of Trog.
  8135 | D:6      | Got a crude robe
  8162 | D:6      | Identified the +1 robe of Summer {rPois Stlth+} (You found
                  | it on level 6 of the Dungeon)
  8235 | D:6      | Found a hide-covered altar of Uskayaw.
  8335 | D:6      | Reached **** piety under Qazlal
  8949 | D:7      | Noticed Prince Ribbit
  8963 | D:7      | Killed Prince Ribbit
  8963 | D:7      | Reached skill level 10 in Dodging
  9076 | D:7      | Found a white marble altar of Elyvilon.
  9438 | D:7      | Learned a level 5 spell: Blade Hands
  9692 | D:8      | Noticed a two-headed ogre
  9719 | D:8      | Mangled by a two-headed ogre

Illustrated notes

Levels and vault maps discovered:
D:1:      doesnt_arrival_eight_statues, layout_basic
D:2:      layout_basic, chequers_ecumenical_altar_simple_redux, serial_rivers,
          chequers_serial_rivers_micro_b, chequers_serial_rivers_room_a,
          chequers_serial_rivers_large_a, chequers_serial_rivers_micro_d
D:3:      layout_basic, gup_sewer_entry_bubbles, minmay_hedge_maze, uniq_robin
D:4:      layout_loops_corners, serial_bayou_lagoon_a
D:5:      layout_loops_ring, grunt_temple_overflow_holy_war, first_ration,
          serial_shops, nicolae_shop_statue_plus, uniq_blork_the_orc
D:6:      minmay_opposing_rooms, layout_rooms, lemuel_doored_altar,
          chequers_temple_overflow_statue_of_worship,
          minmay_temple_entry_statues
D:7:      layout_basic, elyvilon_altar_3, uniq_prince_ribbit1
D:8:      layout_loops_ring, lair_entry_dummy, serial_shops, kennysheep_mini,
          shop, kennysheep_mini_moat, shop, grunt_pizzeria
Temple:   eino_temple_rhombus

Skill      XL: |  1  2  3  4  5  6  7  8  9 |
---------------+----------------------------+-----
Dodging        | 3 5 6 7 8 10 | 10.1
Unarmed Combat | 4 5 6 7 |  7.5
Transmutations | 3 4 5 |  5.3
Short Blades   | 1 2 3 4 |  4.6
Stealth        | 1 2 |  2.9
Spellcasting   | 3 4 |  4.4
Poison Magic   | 1 2 |  2.7
Invocations    | 1 |  1.0
Fighting       | 2 3 |  3.0
Armour         | 1 2 |  2.0
Ice Magic      | 2 |  2.6

Action                   |  1- 3 |  4- 6 |  7- 9 || total
-------------------------+-------+-------+-------++-------
Melee: Unarmed           |    63 |   112 |   145 ||   320
       Headbutt          |    11 |     7 |       ||    18
       Dagger            |    58 |    73 |   301 ||   432
       Tailslap          |       |     3 |     4 ||     7
       Punch             |       |     1 |     7 ||     8
 Cast: Beastly Appendage |    18 |     7 |       ||    25
       Sticks to Snakes  |     3 |     4 |    11 ||    18
       Spider Form       |       |     7 |    17 ||    24
       Ice Form          |       |       |     3 ||     3
       Blade Hands       |       |       |     1 ||     1
Invok: Upheaval          |       |     2 |     1 ||     3
  Use: Scroll            |       |       |     2 ||     2
 Stab: Sleeping          |     1 |     2 |       ||     3
  Eat: Chunk             |     4 |     7 |    14 ||    25
       Ration            |       |     1 |     1 ||     2
Armor: Robe              |    15 |    18 |     4 ||    37
       Skin              |       |     7 |     5 ||    12
       Troll leather arm |       |       |     7 ||     7
       Leather armour    |       |       |    20 ||    20
Dodge: Dodged            |    75 |   218 |   310 ||   603
Block: Other             |       |    24 |    80 ||   104
